 Dungeon Crawl Stone Soup version 0.32-a0-607-g64ea0e4219 (webtiles) character file.

Game seed: 7126642802501625387

347 gimp the Trooper (level 6, 0/51 HPs)
             Began as a Coglin Artificer on Mar 3, 2024.
             Was an Initiate of Trog.
             Succumbed to a killer bee's poison
             ... on level 4 of the Dungeon.
             The game lasted 00:10:32 (3225 turns).

gimp the Trooper (Coglin Artificer)                 Turns: 3225, Time: 00:10:32

Health: 0/51       AC:  4    Str: 12    XL:     6   Next: 59%
Magic:  6/6        EV: 11    Int: 11    God:    Trog [......]
Gold:   278        SH:  0    Dex: 16    Spells: 5/5 levels left

rFire   . . .        a - +0 long sword {Hilda}
rCold   x . .        z - +0 falchion (flame) {Ruka}
rNeg    . . .        b - +0 leather armour
rPois   .            (helmet restricted)
rElec   .            y - +0 cloak
rCorr   .            (no gloves)
SInv    .            (no boots)
Will    .....        (amulet unavailable)
Stlth   +            (ring unavailable)
HPRegen 0.28/turn    (ring unavailable)
MPRegen 0.10/turn    (no gizmo)

%: no passive effects
@: lethally poisoned (0 -> -1), attractive
A: off-hand wielding, slow wielding, warmup strikes, no jewellery, antennae 1,
cold vulnerability 1, inability to read after injury 1
a: Invent Gizmo, Renounce Religion


You were on level 4 of the Dungeon.
You worshipped Trog.
Trog was noncommittal.
You visited 2 branches of the dungeon, and saw 5 of its levels.

You collected 278 gold pieces.

Inventory:

Hand Weapons
 a - a +0 long sword (weapon) {Hilda}
 f - a +0 dagger {Ur-Dumizida}
 z - a +0 falchion of flaming (offhand) {Ruka}
Missiles
 l - a throwing net
Armour
 b - a +0 leather armour (worn)
 n - a +0 pair of boots
 w - a +0 helmet
 y - a +0 cloak (worn)
 A - a +4 ring mail
 B - a +0 pair of gloves
Wands
 c - a wand of flame (15)
 d - a wand of charming (10)
 e - a wand of iceblast (1)
 s - a wand of quicksilver (4)
Scrolls
 g - a scroll of vulnerability {unknown}
 h - 2 scrolls of fog {unknown}
 i - 6 scrolls of identify {unknown}
 j - 4 scrolls of enchant weapon {unknown}
 o - 2 scrolls of blinking {unknown}
 p - a scroll of brand weapon {unknown}
 r - a scroll of immolation {unknown}
 t - a scroll of noise {unknown}
 v - 2 scrolls of teleportation {unknown}
 x - a scroll of summoning {unknown}


   Skills:
 - Level 5.0 Fighting
 + Level 3.9 Long Blades
 - Level 1.7 Armour
 - Level 0.8 Dodging
 - Level 0.7 Stealth
 - Level 4.0 Evocations


You had 5 spell levels left.
You didn't know any spells.
Your spell library was empty.

Dungeon Overview and Level Annotations

Branches:
Dungeon (4/15)             Temple (1/1) D:4

Altars:
Ashenzari
Cheibriados
Dithmenos
Elyvilon
Fedhas
Gozag
Hepliaklqana
Makhleb
Nemelex Xobeh
Okawaru
Qazlal
Ru
Sif Muna
Trog
Uskayaw
Vehumet
Wu Jian
Xom
Yredelemnul
Zin

Shops:
D:1 :

Annotations:
D:2 1 runed translucent door, exclusion: door, Crazy Yiuf
D:4 exclusion: ogre


Innate Abilities, Weirdness & Mutations

You can wield a second weapon in your off-hand.
It takes a long time for you to wield or remove held weapons.
Your first few attacks do less damage.
You cannot equip rings or amulets.
You have a pair of small antennae on your head.
You are vulnerable to cold. (rC-)
You occasionally lose the ability to read scrolls when taking damage.


Message History

A pair of antennae grows on your head!
You feel vulnerable to cold.
You feel sick.
You are no longer poisoned.
Your killer bee stings the killer bee but does no damage.
The killer bee barely misses your killer bee.
The killer bee misses your killer bee.
Your killer bee misses the killer bee.
The killer bee barely misses your killer bee.
The killer bee stings your killer bee.
You take 1 damage, and have 19/50 hp.
Unknown command.
It was a potion of curing.
You feel better.
Your killer bee dies!
The killer bee stings you.
You regained 3 hp, and now have 22/50 hp.
Aiming: Charm
Press: ? - help, Shift-Dir - straight line, f - killer bee
Aim: a killer bee (moderately wounded, chance to affect: 67%)
The killer bee struggles to resist.
The killer bee stings you.
You are poisoned.
The killer bee poisons you! The killer bee stings you.
* * * LOW HITPOINT WARNING * * *
You take 7 damage, and have 15/50 hp.
Aiming: Charm
Press: ? - help, Shift-Dir - straight line, f/p - killer bee
Aim: a killer bee (moderately wounded, chance to affect: 67%)
The killer bee struggles to resist.
You feel sick. The killer bee closely misses you. The killer bee stings you.
* * * LOW HITPOINT WARNING * * *
You take 5 damage, and have 10/50 hp.
You feel much better.
You feel sick. The killer bee stings you. The killer bee closely misses you.
You regained 14 hp, and now have 24/50 hp.
Aiming: Quicksilver Bolt
Press: ? - help, Shift-Dir - straight line, f - killer bee, p - killer bee
Aim: a killer bee (48% to hit)
The bolt of dispelling energy misses the killer bee.
The bolt of dispelling energy hits the killer bee!!
You kill the killer bee!
Trog accepts your kill.
You feel sick. The killer bee stings you. x2
* * * LOW HITPOINT WARNING * * *
You are lethally poisoned!
The killer bee poisons you!
Training target 5.0 for Fighting reached!
Your Fighting skill increases to level 5!
You take 10 damage, and have 14/51 hp.
Okay, then.
Press: ? - help, v - describe, . - travel, g - get item
Here: a killer bee (moderately wounded) Item here: a killer bee corpse.
The floor.
Unknown command.
Aiming: Quicksilver Bolt
Press: ? - help, Shift-Dir - straight line, f - killer bee
Aim: a killer bee (moderately wounded, 48% to hit)
The bolt of dispelling energy hits the killer bee!!
You kill the killer bee!
Trog accepts your kill.
* * * LOW HITPOINT WARNING * * *
You feel very sick.
You take 4 damage, and have 10/51 hp.
Unknown command.
Okay, then.
You aren't carrying any potions.
Unknown command.
Unknown command.
* * * LOW HITPOINT WARNING * * *
You feel very sick.
You see here a killer bee corpse.
You take 2 damage, and have 8/51 hp.
* * * LOW HITPOINT WARNING * * *
You feel sick.
You take 2 damage, and have 6/51 hp.
* * * LOW HITPOINT WARNING * * *
You feel sick.
You see here a hound corpse.
You take 1 damage, and have 5/51 hp.
Unknown command.
* * * LOW HITPOINT WARNING * * *
You feel sick.
You take 1 damage, and have 4/51 hp.
Unknown command.
* * * LOW HITPOINT WARNING * * *
You feel sick.
You take 1 damage, and have 3/51 hp.
* * * LOW HITPOINT WARNING * * *
You feel sick.
You take 1 damage, and have 2/51 hp.
Okay, then.
Unknown command.
Okay, then.
Unknown command.
* * * LOW HITPOINT WARNING * * *
You feel sick.
You take 1 damage, and have 1/51 hp.
Unknown command.
* * * LOW HITPOINT WARNING * * *
You feel sick.
Unknown command.
You die...

#........# #...........#.#
#.......#######...........#..
#.......#..†.†.†#.........###
#.............#†##........#
#.............#.##.......####
#.............#..'...........
####..........####...........
##........## #...........
#....###@# #.###.......
#....###.#####.# #####...
####.....#.....##########
#######.#####....#####
#.#...#.##......
#.......######## ###
###.#...#.....# #<#
#...#..##...#.#### #.#
#......#....#.....


There were no monsters in sight!

Vanquished Creatures
  2 killer bees (D:4)
  A bombardier beetle (D:4)
  A hound (D:4)
  A jelly (D:4)
  Terence (D:3)
  An orc wizard (D:3)
  Robin (D:3)
  3 adders
  A dart slug (D:1)
  A ribbon worm (D:2)
  9 orcs
  5 endoplasms
  A giant cockroach (D:3)
  14 goblins
  5 hobgoblins (D:3)
  5 quokkas
  3 ball pythons
  4 bats
  3 frilled lizards
  5 kobolds
  4 rats
71 creatures vanquished.

Vanquished Creatures (others)
  2 killer bees (D:4)
2 creatures vanquished.

Grand Total: 73 creatures vanquished

Notes
Turn   | Place    | Note
-------+----------+-------------------------------------------
     0 | D:1      | gimp the Coglin Artificer began the quest for the Orb.
     0 | D:1      | Reached XP level 1. HP: 15/15 MP: 1/1
   200 | D:1      | Found Buzaod's Book Shop.
   213 | D:1      | Reached skill level 2 in Fighting
   213 | D:1      | Reached XP level 2. HP: 18/22 MP: 2/2
   732 | D:2      | Reached skill level 3 in Fighting
   732 | D:2      | Reached XP level 3. HP: 29/29 MP: 3/3
  1376 | D:2      | Found a runed translucent door.
  1377 | D:2      | Noticed Crazy Yiuf
  1584 | D:3      | Found a faded altar of an unknown god.
  1598 | D:3      | Noticed Robin
  1601 | D:3      | Reached XP level 4. HP: 33/35 MP: 4/4
  1608 | D:3      | Reached skill level 1 in Long Blades
  1608 | D:3      | Killed Robin
  1757 | D:3      | Reached skill level 4 in Fighting
  1876 | D:3      | Noticed Terence
  1896 | D:3      | Killed Terence
  1897 | D:3      | Reached XP level 5. HP: 21/42 MP: 5/5
  2720 | D:4      | Noticed an ogre
  2789 | D:4      | Found a staircase to the Ecumenical Temple.
  2793 | D:4      | Reached XP level 6. HP: 49/49 MP: 6/6
  2801 | Temple   | Entered the Ecumenical Temple
  2845 | Temple   | Became a worshipper of Trog the Wrathful
  3210 | D:4      | Gained mutation: You occasionally lose the ability to read
                  | scrolls when taking damage. [potion of mutation]
  3210 | D:4      | Gained mutation: You have a pair of small antennae on your
                  | head. [potion of mutation]
  3210 | D:4      | Gained mutation: You are vulnerable to cold. (rC-) [potion
                  | of mutation]
  3216 | D:4      | Reached skill level 5 in Fighting
  3222 | D:4      | HP: 2/51 [poisoned by a killer bee]
  3225 | D:4      | Succumbed to a killer bee's poison

Illustrated notes

Levels and vault maps discovered:
D:1:      elethiomel_arrival_maze, layout_rooms, serial_shops, shop
D:2:      layout_loops_ring, uniq_crazy_yiuf_cottage
D:3:      layout_basic, hellmonk_ecumenical_altar_zigzags, grunt_decor_fettered,
          minmay_misc_feat_iff, dreamdust_wishing_well, feat_on_display,
          uniq_terence, uniq_robin
D:4:      layout_basic, minmay_temple_entry_glassed_door
Temple:   mainiacjoe_temple_cubbyholes

Skill      XL: |  1  2  3  4  5  6 |
---------------+-------------------+-----
Fighting       | 2 3 4 5 |  5.0
Long Blades    | 2 3 |  3.9
Armour         | |  1.7
Dodging        | |  0.8
Stealth        | |  0.7
Evocations     | |  4.0

Action                     |  1- 3 |  4- 6 || total
---------------------------+-------+-------++-------
  Melee: Dagger            |    86 |    56 ||   142
         Club              |    22 |       ||    22
         Long sword        |    39 |    63 ||   102
         Falchion          |       |     5 ||     5
  Evoke: Wand              |     1 |    12 ||    13
    Use: Potion            |       |     5 ||     5
   Stab: Distracted        |     1 |       ||     1
         Sleeping          |     1 |     1 ||     2
 Armour: Leather armour    |    47 |    69 ||   116
  Dodge: Dodged            |    47 |    62 ||   109

Table legend: (Time is in decaauts)
 A = Elapsed time spent in this place.
 B = Non-inter-level travel time spent in this place.
 C = Inter-level travel time spent in this place.
 D = Time resting spent in this place.
 E = Time spent auto-exploring this place.
 F = Levels seen in this place.
 G = Mean time per level.
                   A        B        C        D        E       F      G
               +--------+--------+--------+--------+--------+-----+--------+
         Total |   3245 |   3081 |    164 |      0 |   2460 |   5 |  649.0 |
       Dungeon |   3159 |   3072 |     87 |      0 |   2460 |   4 |  789.8 |
        Temple |     86 |      9 |     77 |      0 |      0 |   1 |   86.0 |
               +--------+--------+--------+--------+--------+-----+--------+

Top non-repeatable levels by time:
     D:3: 1016 daAuts
     D:2: 788 daAuts
     D:1: 690 daAuts
     D:4: 663 daAuts
  Temple: 86 daAuts
